 Seeded DCSS version 0.31-a0-210-gccc998df9b (webtiles) character file.

Game seed: 8113056780134302019 (custom seed)

13731 innerfire43 the Prestidigitator (level 11, -6/84 HPs)
             Began as a Demonspawn Monk on June 30, 2023.
             Was an Elder of Makhleb.
             Mangled by an enormous slime creature (43 damage)
             ... on level 12 of the Dungeon.
             The game lasted 00:18:53 (10394 turns).

innerfire43 the Prestidigitator (Demonspawn Monk)  Turns: 10394, Time: 00:18:54

Health: -6/84      AC: 19    Str: 16    XL:     11   Next: 79%
Magic:  4/11       EV:  8    Int: 20    God:    Makhleb [****..]
Gold:   701        SH:  5    Dex: 16    Spells: 10/10 levels left

rFire   + . .        f - +9 staff of Olgreb {rPois∞}
rCold   . . .        (no shield)
rNeg    . . .        T - +5 chain mail
rPois   ∞            h - +0 helmet
rElec   +            t - +0 cloak
rCorr   .            (no gloves)
SInv    .            y - +0 pair of boots
Will    .....        o - amulet "Vid Hemepla" {Reflect rElec Int+3 SH+5} Stlth
                     D - +6 ring of intelligence
HPRegen 0.34/turn    l - ring of protection from fire
MPRegen 0.12/turn

%: reflection
@: radiating poison
A: thin metallic scales 2, demonic guardian 1, powered by death 1, demonic touch
2
a: Renounce Religion, Evoke the Staff of Olgreb, Minor Destruction, Lesser
Servant of Makhleb, Major Destruction


You were on level 12 of the Dungeon.
You worshipped Makhleb.
Makhleb was greatly pleased with you.
You visited 2 branches of the dungeon, and saw 13 of its levels.
You also visited: Bailey.

You collected 701 gold pieces.

Inventory:

Hand Weapons
 a - a +1 short sword
 f - the +9 staff of Olgreb (weapon) {rPois∞}
   (You acquired it on level 1 of the Dungeon)

   It enhances your poison magic.
   It grants immunity to poison.
   It can be activated via the 'a'bility menu to radiate toxic energy, with
   effectiveness depending on Evocations skill.
Missiles
 V - 22 poisoned darts
Armour
 d - an orb of light
 h - a +0 helmet (worn)
 k - a +0 tower shield
 t - a +0 cloak (worn)
 y - a +0 pair of boots (worn)
 T - a +5 chain mail (worn)
Jewellery
 e - a ring of see invisible
 l - a ring of protection from fire (right hand)
 o - the amulet "Vid Hemepla" (around neck) {Reflect rElec Int+3 SH+5}
   (You acquired it on level 2 of the Dungeon)

   [amulet of reflection]

   It reflects blocked missile attacks.
   Int:       It affects your intelligence (+3).
   rElec:     It insulates you from electricity.
   SH:        It affects your SH (+5).
 D - a +6 ring of intelligence (left hand)
 E - a ring of positive energy
 Q - a ring of protection from cold
Wands
 s - a wand of flame (5)
 H - a wand of polymorph (2)
 I - a wand of roots (8)
 S - a wand of acid (4)
 U - a wand of charming (6)
 Z - a wand of mindburst (6)
Scrolls
 b - a scroll of enchant weapon
 g - 2 scrolls of vulnerability
 i - 2 scrolls of fog
 j - 7 scrolls of teleportation
 n - 2 scrolls of blinking
 B - 2 scrolls of fear
 C - 2 scrolls of revelation
Potions
 c - a potion of ambrosia
 r - 6 potions of heal wounds
 v - a potion of attraction {unknown}
 w - 2 potions of enlightenment {unknown}
 z - 4 potions of resistance
 A - 4 potions of haste {unknown}
 F - 2 potions of curing {unknown}
 G - 3 potions of lignification
 J - 3 potions of mutation
 L - 3 potions of might {unknown}
 M - a potion of brilliance {unknown}
 N - 2 potions of invisibility {unknown}
 O - 2 potions of cancellation {unknown}
 R - a potion of magic {unknown}
 Y - a potion of berserk rage {unknown}
Miscellaneous
 K - a sack of spiders
 W - a tin of tremorstones (2/2)


   Skills:
 + Level 7.6 Fighting
 - Level 3.0 Short Blades
 * Level 11.5 Staves
 - Level 3.0 Dodging
 * Level 12.5 Evocations


You had 10 spell levels left.
You didn't know any spells.
Your spell library contained the following spells:

 Spells                   Type           Power      Damage    Failure   Level
 Slow                     Hex            0%         N/A       95%         1
 Cigotuvi's Dreadful Rot  Necr/Pois/Air  0%         N/A       99%         2
 Ensorcelled Hibernation  Hex/Ice        0%         N/A       99%         2
 Poisonous Vapours        Pois/Air       0%         N/A       99%         2
 Confusing Touch          Hex            0%         N/A       100%        3
 Dazzling Flash           Conj/Hex       0%         N/A       100%        3
 Inner Flame              Hex/Fire       0%         N/A       100%        3
 Mephitic Cloud           Conj/Pois/Air  0%         N/A       100%        3
 Spider Form              Tmut/Pois      0%         N/A       100%        3
 Vampiric Draining        Necr           0%         2d6       100%        3
 Anguish                  Hex/Necr       0%         N/A       100%        4
 Animate Dead             Necr           0%         N/A       100%        4
 Dispel Undead            Necr           0%         3d6       100%        4
 Flame Wave               Conj/Fire      0%         2d4       100%        4
 Sticky Flame             Conj/Fire      0%         2d3       100%        4
 Agony                    Necr           0%         N/A       100%        5
 Borgnjor's Vile Clutch   Necr/Erth      0%         N/A       100%        5
 Freezing Cloud           Conj/Ice/Air   0%         6-21      100%        5
 Silence                  Hex/Air        0%         N/A       100%        5
 Death Channel            Necr           0%         N/A       100%        6


Dungeon Overview and Level Annotations

Branches:
Dungeon (12/15)            Temple (1/1) D:6            Lair (0/5) D:9
    Orc (0/2) D:11         Bailey (visited)

Altars:
Ashenzari
Cheibriados
Dithmenos
Fedhas
Gozag
Hepliaklqana
Kikubaaqudgha
Makhleb
Nemelex Xobeh
Okawaru
Qazlal
Ru
Sif Muna
Trog
Uskayaw
Vehumet
Wu Jian
Xom
Yredelemnul

Shops:
D:1 ?


Innate Abilities, Weirdness & Mutations

You are mostly covered in thin metallic scales. (AC +3)
A weak demonic guardian rushes to your aid.
You regenerate a little health from kills.
Your touch may inflict irresistible damage on your foes.


Message History

You hit the titanic slime creature.
You envenom the titanic slime creature!
The titanic slime creature looks even sicker.
The titanic slime creature is lightly wounded.
Your toxic aura wanes.
Unknown command.
You hit the titanic slime creature.
You envenom the titanic slime creature.
The titanic slime creature looks even sicker.
You touch the titanic slime creature!
The titanic slime creature is lightly wounded.
The slime creature hits you but does no damage.
Unknown command.
You sock the titanic slime creature!
The titanic slime creature is moderately wounded.
Unknown command.
You sock the titanic slime creature!
You envenom the titanic slime creature!
The titanic slime creature looks as sick as possible!
You touch the titanic slime creature!
You punch the titanic slime creature, but do no damage.
The titanic slime creature is moderately wounded.
You block the slime creature's attack. The titanic slime creature hits you!!!
Ouch! That really hurt!
* * * LOW HITPOINT WARNING * * *
A demonic guardian appears!
You are too injured to fight recklessly!
Unknown command.
You are too injured to fight recklessly!
Unknown command.
You swap places.
The slime creature hits your iron imp!
A titanic slime creature splits.
Your iron imp hits the slime creature.
The slime creature hits your iron imp.
The very large slime creature hits your iron imp!
Your iron imp dies!
Your iron imp disappears in a puff of smoke!
Two slime creatures merge to form an enormous slime creature.
You feel much better.
You begin to radiate toxic energy.
The enormous slime creature attacks as you move away!
The enormous slime creature hits you!!!
Ouch! That really hurt!
You die...

#.......##.....
#.......##....
#.......##....
#.#####'##.J.#
####.#......#..$#
#....#......###'##
#....#........J..#
#....#.......#J..#
##...#.......#@[.#
#...####'##.....#
#...##....#.....#
#)).##....#######
#...##....#
#.<.##....#
#...##....#
#...##....#
#...##....#


You could see an enormous slime creature (very poisoned) and a large slime
creature (very poisoned).

Vanquished Creatures
  2 two-headed ogres
  2 boulder beetles
  Nergalle (D:11)
  Pikel (D:8)
  A cyclops (D:11)
  An unseen horror (D:11)
  A kobold demonologist (D:8)
  3 meliai (D:11)
  Grinder (D:3)
  A hornet (D:9)
  Sigmund (D:6)
  A shadow (D:11)
  4 wyverns
  Grum (D:8)
  2 wraiths (D:10)
  7 yaks
  7 vampire mosquitoes
  A water moccasin (D:5)
  2 black bears
  13 orc warriors
  3 ice beasts
  2 sky beasts
  2 ogres (D:5)
  3 wolves (D:8)
  A centaur (D:9)
  2 kobold brigands
  3 bullfrogs
  A gnoll sergeant (D:6)
  A scorpion (D:6)
  13 wights
  8 killer bees
  7 howler monkeys
  3 electric eels (D:8)
  3 jellies
  2 hounds
  A gnoll bouda (D:7)
  2 orc priests
  A sleepcap (D:8)
  8 iguanas
  3 orc wizards
  13 gnolls
  10 adders
  A shadow imp (D:7)
  A white imp (D:6)
  An ufetubus (D:5)
  3 worms
  4 dart slugs
  45 orcs
  10 bats
  6 endoplasms
  5 giant cockroaches
  11 goblins
  A hobgoblin (D:3)
  11 kobolds
  2 quokkas
  9 ball pythons
  A frilled lizard (D:3)
  3 rats
259 creatures vanquished.

Vanquished Creatures (collateral kills)
  An orc (D:9)
1 creature vanquished.

Grand Total: 260 creatures vanquished

Notes
Turn   | Place    | Note
-------+----------+-------------------------------------------
     0 | D:1      | innerfire43 the Demonspawn Monk began the quest for the
                  | Orb.
     0 | D:1      | Reached XP level 1. HP: 18/18 MP: 1/1
    54 | D:1      | Found Ponycs's Magic Scroll Shop.
   105 | D:1      | Gained mutation: Your touch may inflict minor irresistible
                  | damage on your foes. [demonic ancestry]
   105 | D:1      | Reached XP level 2. HP: 4/24 MP: 2/2
   316 | D:1      | Identified a scroll of acquirement
   316 | D:1      | Acquired the +9 staff of Olgreb {rPois∞}
   316 | D:1      | Found the +9 staff of Olgreb {rPois∞}
   405 | D:1      | Reached XP level 3. HP: 19/29 MP: 3/3
   453 | D:1      | Reached skill level 1 in Evocations
   459 | D:1      | Reached skill level 1 in Staves
   720 | D:2      | Gained mutation: You are partially covered in thin metallic
                  | scales. (AC +2) [demonic ancestry]
   720 | D:2      | Reached XP level 4. HP: 35/35 MP: 4/4
   839 | D:2      | Reached skill level 2 in Evocations
  1338 | D:2      | Acquired the amulet "Vid Hemepla" {Reflect rElec Int+3
                  | SH+5}
  1560 | D:3      | Noticed Grinder
  1560 | D:3      | Paralysed by Grinder for 2 turns
  1575 | D:3      | Killed Grinder
  1576 | D:3      | Reached skill level 3 in Evocations
  1576 | D:3      | Gained mutation: Your touch may inflict irresistible damage
                  | on your foes. [demonic ancestry]
  1576 | D:3      | Reached XP level 5. HP: 40/41 MP: 5/5
  1576 | D:3      | Reached XP level 6. HP: 46/47 MP: 6/6
  2015 | D:4      | Reached skill level 4 in Evocations
  2038 | D:4      | Found an ancient bone altar of Kikubaaqudgha.
  2714 | D:5      | Entered Level 5 of the Dungeon
  2760 | D:5      | Noticed a water moccasin
  2765 | D:5      | Killed a water moccasin
  2769 | D:5      | Gained mutation: A weak demonic guardian rushes to your
                  | aid. [demonic ancestry]
  2769 | D:5      | Reached XP level 7. HP: 48/52 MP: 7/7
  2858 | D:5      | Reached skill level 5 in Evocations
  2867 | D:5      | Reached skill level 5 in Staves
  3071 | D:5      | Reached skill level 6 in Evocations
  3108 | D:5      | Found a hazy altar of Hepliaklqana.
  3248 | D:5      | Gained mutation: You regenerate a little health from kills.
                  | [demonic ancestry]
  3248 | D:5      | Reached XP level 8. HP: 58/58 MP: 8/8
  3606 | D:6      | Found a radiant altar of Vehumet.
  3639 | D:6      | Reached skill level 7 in Evocations
  3724 | D:6      | Noticed Sigmund
  3732 | D:6      | Killed Sigmund
  3928 | D:6      | Found a staircase to the Ecumenical Temple.
  3942 | D:6      | Reached skill level 8 in Evocations
  3947 | D:6      | Reached XP level 9. HP: 40/64 MP: 9/9
  4498 | Temple   | Entered the Ecumenical Temple
  4626 | Temple   | Became a worshipper of Makhleb the Destroyer
  4626 | Temple   | Reached * piety under Makhleb
  4626 | Temple   | Reached ** piety under Makhleb
  4760 | D:7      | Found a flagged portal.
  4977 | D:7      | Found a broken altar of Ashenzari.
  5157 | D:7      | Found an ornate altar of the Wu Jian Council.
  5223 | D:7      | Reached skill level 9 in Evocations
  5379 | Bailey   | Entered a bailey
  5489 | Bailey   | Reached *** piety under Makhleb
  5524 | Bailey   | Noticed an orc knight
  5530 | Bailey   | Noticed an orc knight
  6001 | D:8      | Noticed a two-headed ogre
  6007 | D:8      | Killed a two-headed ogre
  6008 | D:8      | Reached skill level 5 in Fighting
  6008 | D:8      | Reached XP level 10. HP: 74/74 MP: 10/10
  6024 | D:8      | Noticed a boulder beetle
  6029 | D:8      | Killed a boulder beetle
  6030 | D:8      | Reached skill level 10 in Evocations
  6096 | D:8      | Noticed Grum
  6107 | D:8      | Killed Grum
  6621 | D:8      | Noticed Pikel
  6627 | D:8      | Killed Pikel
  7203 | D:8      | Noticed an orange demon
  7204 | D:8      | Reached skill level 10 in Staves
  7313 | D:9      | Reached skill level 11 in Evocations
  7414 | D:9      | Found a staircase to the Lair.
  7539 | D:9      | Found a blossoming altar of Fedhas.
  7674 | D:9      | Identified the +1 flail of Equivalence {elec, rPois Int+5
                  | Dex-5 Stlth+}
  7696 | D:9      | Gained mutation: You are mostly covered in thin metallic
                  | scales. (AC +3) [demonic ancestry]
  7696 | D:9      | Reached XP level 11. HP: 83/83 MP: 11/11
  7734 | D:9      | Reached **** piety under Makhleb
  8077 | D:10     | Entered Level 10 of the Dungeon
  8165 | D:10     | Found a shadowy altar of Dithmenos.
  8175 | D:10     | Found a shimmering blue altar of Sif Muna.
  8315 | D:10     | Found a snail-covered altar of Cheibriados.
  9340 | D:11     | Found a staircase to the Orcish Mines.
  9532 | D:11     | Reached skill level 12 in Evocations
  9626 | D:11     | Noticed a boulder beetle
  9635 | D:11     | Killed a boulder beetle
  9705 | D:11     | Noticed a two-headed ogre
  9710 | D:11     | Killed a two-headed ogre
  9761 | D:11     | Noticed Nergalle
  9768 | D:11     | Killed Nergalle
 10394 | D:12     | Mangled by an enormous slime creature

Illustrated notes

Levels and vault maps discovered:
D:1:      roderic_crossed_star, layout_rooms, serial_shops, nicolae_diamond_shop
D:2:      layout_loops_cross
D:3:      layout_basic, uniq_grinder
D:4:      layout_basic, zin_academy, kennysheep_mini
D:5:      layout_basic, kennysheep_mini_moat, grunt_decor_one_mirror,
          kennysheep_generic_room_9
D:6:      layout_loops_ring, vehumet_crystals, minmay_temple_entry_stoned_glass,
          uniq_sigmund
D:7:      layout_rooms, evilmike_ruin_ashenzari, lemuel_coloured_pillars_altar,
          enter_bailey_5
D:8:      layout_loops_corners, water_boxes_lemuel, uniq_pikel, uniq_grum
D:9:      layout_roguey, marbit_many_paths, fedhas_ov_isle_minmay,
          grunt_lair_entry_orc_guard_hut
D:10:     layout_roguey, cheibriados_altar_1,
          mainiacjoe_overflow_large_starburst, serial_co_window_serial,
          co_window_paths_b, co_window_paths_b, co_window_corner_a,
          co_window_paths_a, co_window_of_opportunity_a, co_window_paths_b,
          co_window_corner_a, co_window_broadway_c, co_window_corner_b,
          co_window_2corner, co_window_corner_cb, minmay_misc_feat_ornament
D:11:     layout_basic, orc_0_dummy, uniq_nergalle
D:12:     layout_stronghold
Temple:   bh_familiar_temple

Skill      XL: |  1  2  3  4  5  6  7  8  9 10 11 |
---------------+----------------------------------+-----
Short Blades   | 3 |  3.0
Dodging        | 3 |  3.0
Evocations     | 1 3 4 6 8 9 11 12 | 12.5
Staves         | 1 3 4 5 7 9 10 11 | 11.5
Fighting       | 5 6 7 |  7.6

Action                     |  1- 3 |  4- 6 |  7- 9 | 10-12 || total
---------------------------+-------+-------+-------+-------++-------
  Melee: Short sword       |    36 |       |       |       ||    36
         Staff             |    31 |    78 |   187 |   219 ||   515
         Touch             |     5 |    14 |    36 |    25 ||    80
         Punch             |       |       |       |     3 ||     3
Ability: Evoke the Staff o |       |       |     8 |     6 ||    14
    Use: Scroll            |     1 |     1 |       |    16 ||    18
         Potion            |       |       |       |     2 ||     2
   Stab: Sleeping          |       |     3 |     2 |     2 ||     7
         Distracted        |       |       |       |     1 ||     1
 Armour: Robe              |    11 |    20 |    29 |    21 ||    81
         Chain mail        |       |       |       |    71 ||    71
  Dodge: Dodged            |    62 |    39 |   105 |   101 ||   307
  Block: Other             |       |     6 |    44 |    41 ||    91
         Reflection        |       |       |       |     1 ||     1

Table legend: (Time is in decaauts)
 A = Elapsed time spent in this place.
 B = Non-inter-level travel time spent in this place.
 C = Inter-level travel time spent in this place.
 D = Time resting spent in this place.
 E = Time spent auto-exploring this place.
 F = Levels seen in this place.
 G = Mean time per level.
                   A        B        C        D        E       F      G
               +--------+--------+--------+--------+--------+-----+--------+
         Total |  10305 |   9624 |    681 |      0 |   7817 |  14 |  736.1 |
       Dungeon |   9863 |   9182 |    681 |      0 |   7656 |  12 |  821.9 |
        Temple |    246 |    246 |      0 |      0 |    136 |   1 |  246.0 |
        Bailey |    195 |    195 |      0 |      0 |     25 |   1 |  195.0 |
               +--------+--------+--------+--------+--------+-----+--------+

Top non-repeatable levels by time:
     D:8: 1395 daAuts
    D:11: 1160 daAuts
    D:10: 1051 daAuts
     D:6: 958 daAuts
     D:4: 939 daAuts
     D:7: 920 daAuts
     D:5: 827 daAuts
     D:9: 763 daAuts
     D:2: 688 daAuts
     D:1: 672 daAuts
     D:3: 416 daAuts
  Temple: 246 daAuts
  Bailey: 195 daAuts
    D:12: 68 daAuts
